 Dungeon Crawl Stone Soup version 0.31.0-9-g3a7656b989 (webtiles) character file.

Game seed: 16626784800500959354

127 qw the Ducker (level 4, -2/22 HPs)
             Began as a Spriggan Hunter on Feb 2, 2024.
             Incinerated by a bombardier beetle (5 damage)
             ... with a burning spray
             ... on level 3 of the Dungeon.
             The game lasted 00:00:09 (2385 turns).

qw the Ducker (Spriggan Hunter)                     Turns: 2385, Time: 00:00:10

Health: -2/22      AC:  2    Str:  7    XL:     4   Next: 85%
Magic:  5/5        EV: 20    Int: 10    God:
Gold:   92         SH:  0    Dex: 20    Spells: 3/3 levels left

rFire   . . .        a - +0 shortbow
rCold   . . .        (shield currently unavailable)
rNeg    . . .        c - +0 robe
rPois   .            (helmet restricted)
rElec   .            (no cloak)
rCorr   .            (gloves unavailable)
SInv    +            (boots unavailable)
Will    .....        (no amulet)
Stlth   +            (no ring)
HPRegen 0.23/turn    (no ring)
MPRegen 0.09/turn

%: no passive effects
@: on fire, glowing, very quick
A: very small, no large weapons, unfitting armour, see invisible, speed 3
a: no special abilities


You were on level 3 of the Dungeon.
You visited 1 branch of the dungeon, and saw 3 of its levels.

You collected 92 gold pieces.


Innate Abilities, Weirdness & Mutations

You are very small and have problems with some larger weapons.
You are too small for most types of armour.
You have supernaturally acute eyesight. (SInv)
You cover ground extremely quickly. (Speed+++)


   Skills:
 + Level 1.6 Fighting
 - Level 5.0 Ranged Weapons
 - Level 5.5 Dodging
 - Level 1.5 Stealth


You had 3 spell levels left.
You didn't know any spells.
Your spell library was empty.

Inventory:

Hand Weapons
 a - a +0 shortbow (weapon)
Armour
 c - a +0 robe (worn)
Potions
 d - a potion of curing {unknown}
 k - a potion of lignification {unknown}

Dungeon Overview and Level Annotations

Branches:
Dungeon (3/15)

Altars:


Message History

The burning spray hits you.
You are even more covered in liquid fire!
You shoot an arrow.
The arrow closely misses the bombardier beetle.
The liquid fire burns you!
You shoot an arrow. The arrow hits the bombardier beetle.
The bombardier beetle is moderately wounded.
The liquid fire burns you!
You shoot an arrow.
The arrow completely misses the bombardier beetle.
The liquid fire burns you!
2379 ||| DRINKING potion of heal wounds.
You feel much better. The liquid fire burns you!
You shoot an arrow. The arrow hits the bombardier beetle!
The bombardier beetle is severely wounded.
The liquid fire burns you!
The bombardier beetle sprays incendiary fluid at you.
The burning spray hits you.
You are even more covered in liquid fire!
You shoot an arrow.
The arrow completely misses the bombardier beetle.
The liquid fire burns you!
You shoot an arrow.
The arrow barely misses the bombardier beetle.
The liquid fire burns you!
You shoot an arrow. The arrow hits the bombardier beetle.
The bombardier beetle is almost dead.
The liquid fire burns you!
The bombardier beetle sprays incendiary fluid at you.
The burning spray hits you.
You are even more covered in liquid fire!
You shoot an arrow.
The arrow completely misses the bombardier beetle.
The liquid fire burns you!
You shoot an arrow.
The arrow hits the bombardier beetle but does no damage.
The bombardier beetle is almost dead.
The liquid fire burns you!
You die...

.....#.........#
.##..#######.### .##..#
#.# .##..# ##+## .##..#
##...## .##..# ##.....##
.#...# ##.......## #
.....###....>....###....
.......+........@B......
#...####.........#......
##..# ##.)..().## ###.#
##.# ##.....## #.#
##...## #.# ##'## #.#
##.## ##.## ##...##
#...# ##.....##


You could see a bombardier beetle.

Vanquished Creatures
  An orc priest (D:3)
  3 adders (D:2)
  A dart slug (D:2)
  A ribbon worm (D:2)
  6 orcs (D:3)
  6 bats
  4 endoplasms
  5 giant cockroaches
  3 goblins
  6 hobgoblins
  2 quokkas (D:1)
  3 ball pythons (D:1)
  4 frilled lizards
  8 kobolds
  7 rats
60 creatures vanquished.

Notes
Turn   | Place    | Note
-------+----------+-------------------------------------------
     0 | D:1      | qw the Spriggan Hunter began the quest for the Orb.
     0 | D:1      | Reached XP level 1. HP: 10/10 MP: 2/2
     0 | D:1      | 0 ||| qw: Version: 0.3-a-155-g5e7d8dd
     0 | D:1      | 0 ||| qw: Game counter: 2124
     0 | D:1      | 0 ||| qw: Melee chars always use a shield: true
     0 | D:1      | 0 ||| qw: God list: Okawaru
     0 | D:1      | 0 ||| qw: Allow faded altars: false
     0 | D:1      | 0 ||| qw: Do Orc after clearing Dungeon:15 true
     0 | D:1      | 0 ||| qw: Do second Lair branch before Depths: true
     0 | D:1      | 0 ||| qw: Lair rune preference: random
     0 | D:1      | 0 ||| qw: Goals: Normal
     0 | D:1      | 0 ||| PLANNING D:1-11
    19 | D:1      | Reached skill level 3 in Dodging
   138 | D:1      | Reached XP level 2. HP: 14/14 MP: 3/3
   232 | D:1      | Found a faded altar of an unknown god.
   627 | D:1      | Reached XP level 3. HP: 18/18 MP: 4/4
   878 | D:1      | 878 ||| READING scroll labelled LAHOEREIMA.
   979 | D:1      | 979 ||| READING scroll labelled CUWACW KOSH.
   980 | D:1      | 980 ||| READING 3 scrolls labelled MEOMAA OHYLLEIJODA.
   980 | D:1      | 980 ||| IDENTIFYING cyan potion
   981 | D:1      | 981 ||| READING 2 scrolls of identify.
   981 | D:1      | 981 ||| IDENTIFYING orange potion
   982 | D:1      | 982 ||| READING scroll of identify.
   982 | D:1      | 982 ||| IDENTIFYING golden potion
   983 | D:1      | 983 ||| READING scroll labelled DESSAW FACEUH.
   984 | D:1      | 984 ||| DRINKING 2 white potions.
  1089 | D:1      | 1089 ||| DROPPING scroll of butterflies.
  1090 | D:1      | 1090 ||| DROPPING potion of berserk rage.
  1091 | D:1      | 1091 ||| DROPPING potion of degeneration.
  1092 | D:1      | 1092 ||| DROPPING potion of magic.
  1521 | D:2      | Reached XP level 4. HP: 22/22 MP: 5/5
  1725 | D:2      | 1725 ||| READING scroll of identify.
  1725 | D:2      | 1725 ||| IDENTIFYING purple potion
  1726 | D:2      | 1726 ||| DROPPING potion of invisibility.
  2204 | D:3      | 2204 ||| FLEEEEING.
  2205 | D:3      | 2205 ||| FLEEEEING.
  2206 | D:3      | 2206 ||| FLEEEEING.
  2207 | D:3      | 2207 ||| FLEEEEING.
  2208 | D:3      | 2208 ||| FLEEEEING.
  2209 | D:3      | 2209 ||| FLEEEEING.
  2210 | D:3      | 2210 ||| FLEEEEING.
  2211 | D:3      | 2211 ||| FLEEEEING.
  2213 | D:3      | 2213 ||| FLEEEEING.
  2215 | D:3      | 2215 ||| FLEEEEING.
  2216 | D:3      | 2216 ||| FLEEEEING.
  2217 | D:3      | 2217 ||| FLEEEEING.
  2218 | D:3      | 2218 ||| FLEEEEING.
  2219 | D:3      | 2219 ||| FLEEEEING.
  2220 | D:3      | 2220 ||| FLEEEEING.
  2221 | D:3      | 2221 ||| FLEEEEING.
  2223 | D:3      | 2223 ||| FLEEEEING.
  2224 | D:3      | 2224 ||| FLEEEEING.
  2225 | D:3      | 2225 ||| FLEEEEING.
  2227 | D:3      | 2227 ||| FLEEEEING.
  2228 | D:3      | 2228 ||| FLEEEEING.
  2230 | D:3      | 2230 ||| FLEEEEING.
  2231 | D:3      | 2231 ||| FLEEEEING.
  2232 | D:3      | 2232 ||| FLEEEEING.
  2238 | D:3      | 2238 ||| FLEEEEING.
  2239 | D:3      | 2239 ||| FLEEEEING.
  2240 | D:3      | 2240 ||| FLEEEEING.
  2241 | D:3      | 2241 ||| FLEEEEING.
  2242 | D:3      | 2242 ||| FLEEEEING.
  2243 | D:3      | 2243 ||| FLEEEEING.
  2244 | D:3      | 2244 ||| FLEEEEING.
  2248 | D:3      | 2248 ||| FLEEEEING.
  2249 | D:3      | 2249 ||| FLEEEEING.
  2250 | D:3      | 2250 ||| FLEEEEING.
  2251 | D:3      | 2251 ||| FLEEEEING.
  2252 | D:3      | 2252 ||| FLEEEEING.
  2253 | D:3      | 2253 ||| FLEEEEING.
  2254 | D:3      | 2254 ||| FLEEEEING.
  2255 | D:3      | 2255 ||| FLEEEEING.
  2256 | D:3      | 2256 ||| FLEEEEING.
  2257 | D:3      | 2257 ||| FLEEEEING.
  2258 | D:3      | 2258 ||| FLEEEEING.
  2259 | D:3      | 2259 ||| FLEEEEING.
  2264 | D:3      | 2264 ||| FLEEEEING.
  2265 | D:3      | 2265 ||| FLEEEEING.
  2266 | D:3      | 2266 ||| FLEEEEING.
  2270 | D:3      | 2270 ||| FLEEEEING.
  2271 | D:3      | 2271 ||| FLEEEEING.
  2272 | D:3      | 2272 ||| FLEEEEING.
  2273 | D:3      | 2273 ||| FLEEEEING.
  2274 | D:3      | 2274 ||| FLEEEEING.
  2276 | D:3      | 2276 ||| FLEEEEING.
  2277 | D:3      | 2277 ||| STAIRDANCE
  2290 | D:2      | 2290 ||| READING scroll labelled VABURE BOCZEFA.
  2378 | D:3      | HP: 3/22 [burnt (6)]
  2379 | D:3      | 2379 ||| DRINKING potion of heal wounds.
  2384 | D:3      | HP: 3/22 [burnt (5)]
  2385 | D:3      | Incinerated by a bombardier beetle

Levels and vault maps discovered:
D:1:      shiori_arrival_maze, layout_basic,
          hellmonk_ecumenical_altar_crossroads
D:2:      layout_loops_ring, minmay_3d_cube
D:3:      layout_loops_corners

Skill      XL: |  1  2  3  4 |
---------------+-------------+-----
Dodging        | 3 4 5 |  5.5
Ranged Weapons | 5 |  5.0
Fighting       | |  1.6
Stealth        | |  1.5

Action                     |  1- 3 |  4- 6 || total
---------------------------+-------+-------++-------
   Fire: Shortbow          |   123 |    65 ||   188
    Use: Scroll            |     6 |     2 ||     8
         Potion            |     1 |     1 ||     2
 Armour: Robe              |    11 |     5 ||    16
  Dodge: Dodged            |    53 |    17 ||    70

Table legend:
 A = Non-vault XP
 B = Vault XP
 C = Vault XP percentage of total XP
 D = Non-vault monster count
 E = Vault monster count
 F = Vault count percentage of total count
                 A         B        C        D         E       F
            +---------+---------+-------+---------+---------+-------
      Total |     167 |      15 |   8.2 |      52 |       8 |  13.3
            +---------+---------+-------+---------+---------+-------
        D:1 |      44 |       2 |   4.3 |      28 |       2 |   6.7
        D:2 |      58 |      13 |  18.3 |      13 |       6 |  31.6
        D:3 |      65 |       0 |   0.0 |      11 |       0 |   0.0
            +---------+---------+-------+---------+---------+-------
